 Dungeon Crawl Stone Soup version 0.31-a0-237-g2d982f9f85 (webtiles) character file.

Game seed: 8152195603915498709

17 qw the Shooter (level 2, -2/16 HPs)
             Began as a Gargoyle Hexslinger on July 11, 2023.
             Slain by a kobold
             ... wielding a +2 vampiric dagger
              (4 damage)
             ... on level 1 of the Dungeon.
             The game lasted 00:00:02 (33 turns).

qw the Shooter (Gargoyle Hexslinger)                  Turns: 33, Time: 00:00:03

Health: -2/16      AC:  4    Str: 11    XL:     2   Next: 62%
Magic:  3/3        EV: 12    Int: 13    God:
Gold:   0          SH:  0    Dex: 12    Spells: 2/3 levels left

rFire   . . .        a - +1 sling
rCold   . . .        (no shield)
rNeg    + . .        c - +0 robe
rPois   inf          (no helmet)
rElec   +            (no cloak)
rCorr   .            (no gloves)
SInv    .            (no boots)
Will    .....        (no amulet)
Stlth   +            (no ring)
HPRegen 0.22/turn    (no ring)
MPRegen 0.08/turn

%: no passive effects
@: no status effects
A: sickness immunity, AC +2, negative energy resistance 1, electricity
resistance, torment resistance 1, petrification resistance
a: no special abilities


You were on level 1 of the Dungeon.
You visited 1 branch of the dungeon, and saw 1 of its levels.


Innate Abilities, Weirdness & Mutations

You are immune to sickness and miasma.
Your stone body is resilient. (AC +2)
You are immune to poison.
You resist negative energy. (rN+)
You are resistant to electric shocks. (rElec)
You are resistant to unholy torment.
You are immune to petrification.


   Skills:
 - Level 1.1 Fighting
 + Level 3.1 Ranged Weapons
 - Level 1.5 Dodging
 - Level 1.0 Spellcasting
 - Level 2.6 Hexes


You had 2 spell levels left.
You knew the following spells:

 Your Spells              Type           Power      Damage    Failure   Level
a - Slow                  Hex            28%        N/A       10%         1

Your spell library contained the following spells:

 Spells                   Type           Power      Damage    Failure   Level
 Inner Flame              Hex/Fire       4%         N/A       43%         3
 Portal Projectile        Hex/Tloc       8%         N/A       43%         3
 Cause Fear               Hex            3%         N/A       67%         4

Inventory:

Hand Weapons
 a - a +1 sling (weapon)
Armour
 c - a +0 robe (worn)
Scrolls
 b - a scroll of poison
Potions
 d - a potion of lignification {unknown}

Dungeon Overview and Level Annotations

Branches:
Dungeon (1/15)

Altars:

Annotations:
D:1 1 transporter


Message History

You shoot a sling bullet. The sling bullet hits the gnoll.
The gnoll is moderately wounded.
A kobold comes into view. It is wielding a +2 vampiric dagger.
You shoot a sling bullet.
The sling bullet closely misses the gnoll.
The kobold shouts!
You shoot a sling bullet.
The sling bullet completely misses the gnoll.
The gnoll closely misses you.
You shoot a sling bullet. The sling bullet hits the gnoll.
The gnoll is heavily wounded.
The jackal barely misses you. The gnoll completely misses you.
The jackal bites you.
You shoot a sling bullet. The sling bullet hits the gnoll.
The gnoll is severely wounded.
The jackal bites you. The gnoll closely misses you. The quokka bites you.
The jackal misses you. The gnoll closely misses you.
You shoot a sling bullet. The sling bullet hits the gnoll.
The gnoll is almost dead.
The quokka bites you but does no damage.
The jackal closely misses you. The quokka completely misses you.
The gnoll hits you with a +0 whip. The jackal bites you.
You shoot a sling bullet. The sling bullet hits the gnoll!
You kill the gnoll!
The quokka misses you. The jackal misses you.
Your Ranged Weapons skill increases to level 3!
You shoot a sling bullet. The sling bullet hits the jackal.
The jackal is severely wounded.
The jackal closely misses you. The quokka completely misses you.
The kobold hits you with a +2 vampiric dagger.
The jackal barely misses you. The quokka barely misses you.
You shoot a sling bullet.
The sling bullet hits the jackal but does no damage.
The jackal is severely wounded.
The jackal bites you but does no damage.
The kobold misses you.
The quokka bites you but does no damage.
The jackal closely misses you.
The kobold hits you with a +2 vampiric dagger.
You die...

#..%......#<##
#........#.#.#
#.........#.#.#
#...........###
#.........#####..
#.........#.....
#...........######
#.........).......
#........@..######
#.......rKh##
##%........#
##...?..#%#
...######%# ###
#.# #.# ..


You could see a quokka, a jackal and a kobold.

Vanquished Creatures
  A gnoll (D:1)
  A dart slug (D:1)
  A ball python (D:1)
  A bat (D:1)
  A jackal (D:1)
  A frilled lizard (D:1)
6 creatures vanquished.

Notes
Turn   | Place    | Note
-------+----------+-------------------------------------------
     0 | D:1      | qw the Gargoyle Hexslinger began the quest for the Orb.
     0 | D:1      | Reached XP level 1. HP: 12/12 MP: 2/2
     0 | D:1      | 0 ||| qw: Version: 0.3-a-52-g30416fa
     0 | D:1      | 0 ||| qw: Game counter: 5678
     0 | D:1      | 0 ||| qw: Melee chars always use a shield: true
     0 | D:1      | 0 ||| qw: God list: Okawaru
     0 | D:1      | 0 ||| qw: Allow faded altars: false
     0 | D:1      | 0 ||| qw: Do Orc after clearing Dungeon:15 true
     0 | D:1      | 0 ||| qw: Do second Lair branch before Depths: true
     0 | D:1      | 0 ||| qw: Lair rune preference: random
     0 | D:1      | 0 ||| qw: Goals: Normal
     0 | D:1      | 0 ||| PLANNING D:1-11
     7 | D:1      | 7 ||| FLEEEEING.
    25 | D:1      | Reached XP level 2. HP: 16/16 MP: 3/3
    30 | D:1      | HP: 4/16 [jackal (1)]
    32 | D:1      | Reached skill level 3 in Ranged Weapons
    33 | D:1      | Slain by a kobold

Levels and vault maps discovered:
D:1:      spicycebolla_arrival_risky_transporter, layout_rooms,
          dreamdust_ecumenical_altar_sealed_demon

Skill      XL: |  1  2 |
---------------+-------+-----
Ranged Weapons | 3 |  3.1
Fighting       | |  1.1
Dodging        | |  1.5
Spellcasting   | |  1.0
Hexes          | |  2.6

Action                     || total
---------------------------++-------
   Fire: Sling             ||    19
 Armour: Robe              ||     3
  Dodge: Dodged            ||    16

Table legend:
 A = Non-vault XP
 B = Vault XP
 C = Vault XP percentage of total XP
 D = Non-vault monster count
 E = Vault monster count
 F = Vault count percentage of total count
                 A         B        C        D         E       F
            +---------+---------+-------+---------+---------+-------
      Total |      25 |       0 |   0.0 |       6 |       0 |   0.0
            +---------+---------+-------+---------+---------+-------
        D:1 |      25 |       0 |   0.0 |       6 |       0 |   0.0
            +---------+---------+-------+---------+---------+-------
